 Dungeon Crawl Stone Soup version 0.31-a0-675-g238779eb0a (webtiles) character file.

Game seed: 8506219691490817817

151 Bravepunisher the Ducker (level 5, 0/28 HPs)
             Began as a Spriggan Monk on Sept 5, 2023.
             Was a Believer of Makhleb.
             Slain by a scorpion (2 damage)
             ... on level 5 of the Dungeon.
             The game lasted 00:07:51 (1366 turns).

Bravepunisher the Ducker (Spriggan Monk)            Turns: 1366, Time: 00:07:51

Health: 0/28       AC:  2    Str:  7    XL:     5   Next: 10%
Magic:  6/6        EV: 22    Int: 11    God:    Makhleb [**....]
Gold:   35         SH:  0    Dex: 20    Spells: 4/4 levels left

rFire   . . .        a - +2 short sword (protect)
rCold   . . .        d - orb {light}
rNeg    . . .        b - +0 robe
rPois   .            (helmet restricted)
rElec   .            (no cloak)
rCorr   .            (gloves unavailable)
SInv    +            (boots unavailable)
Will    +....        (no amulet)
Stlth   +            (no ring)
HPRegen 0.24/turn    (no ring)
MPRegen 0.10/turn

%: no passive effects
@: lethally poisoned (0 -> -2), enlightened, flying, glowing, very quick
A: very small, no large weapons, unfitting armour, see invisible, speed 3
a: Renounce Religion, Minor Destruction


You were on level 5 of the Dungeon.
You worshipped Makhleb.
Makhleb was pleased with you.
You visited 2 branches of the dungeon, and saw 8 of its levels.

You collected 35 gold pieces.

Inventory:

Hand Weapons
 a - a +2 short sword of protection (weapon)
 h - a +0 vampiric dagger
Armour
 b - a +0 robe (worn)
 d - an orb of light (worn)
Scrolls
 e - a scroll of teleportation
 f - 2 scrolls of noise {unknown}


   Skills:
 + Level 3.3 Fighting
 - Level 3.2 Short Blades
 * Level 6.7 Dodging
 + Level 0.2 Invocations


You had 4 spell levels left.
You didn't know any spells.
Your spell library was empty.

Dungeon Overview and Level Annotations

Branches:
Dungeon (7/15)             Temple (1/1) D:7

Altars:
Ashenzari
Cheibriados
Dithmenos
Fedhas
Kikubaaqudgha
Makhleb
Okawaru
Uskayaw
Wu Jian
Zin

Shops:
D:5 :

Annotations:
D:5 1 runed translucent door, Crazy Yiuf


Innate Abilities, Weirdness & Mutations

You are very small and have problems with some larger weapons.
You are too small for most types of armour.
You have supernaturally acute eyesight. (SInv)
You cover ground extremely quickly. (Speed+++)


Message History

There is a stone staircase leading down here.
The orc hits you with a +0 dagger. The scorpion attacks as it pursues you!
The scorpion stings you.
You are poisoned.
The scorpion poisons you!
You feel sick. The orc misses you. The orc barely misses you.
There is a stone staircase leading up here.
You feel very sick. The scorpion barely misses you.
The orc closely misses you. x3
You climb upwards.
Level annotation: 1 runed translucent door, Crazy Yiuf You feel very sick.
There is a stone staircase leading down, spattered with blood here.
Unknown command.
Aiming: Minor Destruction (22% risk of failure)
Press: ? - help, Shift-Dir - straight line, f - orc
Aim: an orc, wielding a +0 hand axe and wearing a +0 leather armour (haloed)
The zap hits the orc.
The orc is heavily wounded.
You feel sick.
Aiming: Minor Destruction (22% risk of failure)
Press: ? - help, Shift-Dir - straight line, f - orc, p - orc
Aim: an orc, wielding a +0 war axe (haloed)
The zap hits the orc.
The orc is moderately wounded.
* * * LOW HITPOINT WARNING * * *
You feel sick. The orc misses you.
Aiming: Minor Destruction (22% risk of failure)
Press: ? - help, Shift-Dir - straight line, f/p - orc
Aim: an orc, wielding a +0 war axe (moderately wounded, haloed)
The zap hits the orc.
The orc is heavily wounded.
* * * LOW HITPOINT WARNING * * *
You feel sick. The orc barely misses you.
It was a potion of enlightenment.
You feel very buoyant.
You fly up into the air.
* * * LOW HITPOINT WARNING * * *
You feel sick. The scorpion stings you.
You die...

.....'.#####.....
.....#.....h.....
.....#h######.###
.....#.g..S..S.
.....##S#####.#
.....#......#
.....##.###.###
#######.......####
...............o@#
.#
..###.#.#.#.#.##s##
.# ..#
#.#........oo.# .#
.# #.......#.##..#
.# ##
########......# .#
##.#...#####.###
##........g....#
#....#.####..###
#.....(# #..#


You could see a scorpion and 3 orcs.

Vanquished Creatures
  2 hounds
  4 gnolls
  A shadow imp (D:4)
  An ufetubus (D:4)
  4 orcs (D:4)
  A ball python (D:4)
  A bat (D:3)
  2 endoplasms (D:4)
  A giant cockroach (D:4)
  2 goblins (D:4)
  A hobgoblin (D:4)
  7 jackals (D:3)
  2 quokkas
  A kobold (D:7)
  3 rats (D:3)
33 creatures vanquished.

Notes
Turn   | Place    | Note
-------+----------+-------------------------------------------
     0 | D:1      | Bravepunisher the Spriggan Monk began the quest for the
                  | Orb.
     0 | D:1      | Reached XP level 1. HP: 11/11 MP: 2/2
   127 | D:3      | Reached XP level 2. HP: 14/16 MP: 3/3
   215 | D:3      | Noticed a scorpion
   357 | D:4      | Noticed a black bear
   392 | D:4      | Reached skill level 5 in Dodging
   408 | D:5      | Entered Level 5 of the Dungeon
   519 | D:4      | Reached XP level 3. HP: 14/20 MP: 4/4
   720 | D:4      | Reached XP level 4. HP: 24/24 MP: 5/5
   738 | D:4      | Noticed a black bear
   866 | D:5      | Reached skill level 6 in Dodging
   877 | D:5      | Found a runed translucent door.
   878 | D:5      | Noticed Crazy Yiuf
   960 | D:6      | Noticed a scorpion
  1019 | D:5      | Found Qoseq's Book Boutique.
  1022 | D:5      | Identified the +8 whip of the Middle {freeze, rElec rF-
                  | Will+++ SInv}
  1053 | D:6      | Noticed a scorpion
  1056 | D:6      | Noticed a scorpion
  1209 | D:7      | Noticed a kobold brigand
  1231 | D:7      | Found a staircase to the Ecumenical Temple.
  1239 | Temple   | Entered the Ecumenical Temple
  1284 | Temple   | Became a worshipper of Makhleb the Destroyer
  1284 | Temple   | Reached * piety under Makhleb
  1284 | Temple   | Reached ** piety under Makhleb
  1340 | D:7      | Reached XP level 5. HP: 25/28 MP: 6/6
  1366 | D:5      | Slain by a scorpion

Illustrated notes

Levels and vault maps discovered:
D:1:      dpeg_arrival_refuge, layout_basic, serial_corexii_hall,
          corexii_hall_statues_l, corexii_hall_statues_l,
          corexii_hall_statues_i, corexii_hall_statues_x,
          corexii_hall_statues_x, corexii_hall_statues_l, minmay_tripent
D:2:      layout_basic, kennysheep_generic_room_12, uniq_terence
D:3:      layout_loops_cross, minivault_25, serial_bayou_ford_a
D:4:      minmay_diamond_boxcup, layout_rooms, lightli_corner_chamber
D:5:      layout_basic, lemuel_coloured_pillars_altar, serial_shops,
          nicolae_shop_window_shopping, kennysheep_generic_room_16,
          uniq_crazy_yiuf_cottage
D:6:      minmay_goblin_kobold_castle, layout_loops_ring, trog_antimagical,
          grunt_ministairs_7, minmay_holes, uniq_edmund
D:7:      layout_cave_pools, kennysheep_orc_sif_temple,
          minmay_temple_entry_glassed_door, kennysheep_cross_room,
          kennysheep_big_empty_room
Temple:   cyrus_temple_forest

Skill      XL: |  1  2  3  4 |
---------------+-------------+-----
Dodging        | 5 6 |  6.7
Fighting       | 3 |  3.3
Short Blades   | |  3.2
Invocations    | |  0.2

Action                     |  1- 3 |  4- 6 || total
---------------------------+-------+-------++-------
  Melee: Short sword       |    79 |    37 ||   116
         Dagger            |       |    51 ||    51
 Invoke: Minor Destruction |       |     8 ||     8
    Use: Potion            |       |     2 ||     2
         Scroll            |       |     1 ||     1
 Armour: Robe              |    14 |    27 ||    41
  Dodge: Dodged            |    62 |   121 ||   183

Table legend: (Time is in decaauts)
 A = Elapsed time spent in this place.
 B = Non-inter-level travel time spent in this place.
 C = Inter-level travel time spent in this place.
 D = Time resting spent in this place.
 E = Time spent auto-exploring this place.
 F = Levels seen in this place.
 G = Mean time per level.
                   A        B        C        D        E       F      G
               +--------+--------+--------+--------+--------+-----+--------+
         Total |    983 |    959 |     24 |    119 |    293 |   8 |  122.9 |
       Dungeon |    920 |    920 |      0 |    110 |    293 |   7 |  131.4 |
        Temple |     62 |     38 |     24 |      9 |      0 |   1 |   62.0 |
               +--------+--------+--------+--------+--------+-----+--------+

Top non-repeatable levels by time:
     D:4: 319 daAuts
     D:5: 213 daAuts
     D:3: 200 daAuts
     D:7: 121 daAuts
  Temple: 62 daAuts
     D:6: 53 daAuts
     D:2: 10 daAuts
     D:1: 1 daAuts
